AoeStats
← jordialg97

Baltic

510362331Analyzed
2v2 RM · 2d ago on Sep 30, 2026· 42m 29s· 4 players
Game mode
Random Map
Map size
Medium (4 player)
Population
200
Speed
Normal
Resources
Standard
Victory
Conquest
Starting age
Dark Age
Ending age
Imperial Age
RankedLock teamsTeams togetherTeam positionsShared explorationLock speedFull tech treeHidden civsTurbo modeCheats
Victory
Defeat
🇳🇱 Magyars · Netherlands
1291
+16
🇪🇸 Japanese · Spain
1290
+16
🇩🇪 Varangians · Germany
1295
-16
🇩🇪 Saxons · Germany
1290
-16
cueromagico2
10:08 Loom
11:54 Feudal Age
16:39 Castle Age
15:39 Gold Mining
15:36 Double-Bit Axe
15:33 Horse Collar
16:44 Arson
17:41 Bow Saw
19:30 Wheelbarrow
19:37 Squires
21:58 Heavy Plow
23:04 Town Watch
24:58 Scale Mail Armor
25:08 Forging
27:04 Chain Mail Armor
29:07 Fletching
30:14 Forging
32:12 Ballistics
32:38 Bodkin Arrow
36:21 Imperial Age
36:09 Stone Mining
36:54 Gold Shaft Mining
39:45 Two-Man Saw
39:57 Plate Mail Armor
40:02 Iron Casting
39:54 Elite Samurai
40:55 Conscription
42:53 Padded Archer Armor
jordialg97
8:02 Loom
10:26 Feudal Age
12:24 Double-Bit Axe
15:52 Wheelbarrow
15:37 Bloodlines
16:28 Scale Barding Armor
17:21 Horse Collar
21:34 Castle Age
21:42 Light Cavalry
23:01 Chain Barding Armor
23:02 Husbandry
25:39 Hand Cart
29:54 Stone Mining
29:56 Gold Mining
38:31 Imperial Age
39:42 Bow Saw
39:34 Heavy Plow
39:38 Capped Ram
39:58 Cavalier
42:34 Plate Barding Armor
Ole
7:29 Loom
9:44 Feudal Age
10:20 Double-Bit Axe
14:04 Fishing Lines
22:23 Castle Age
22:31 Fletching
23:20 Bloodlines
24:59 Bow Saw
26:23 Gillnets
27:12 Horse Collar
28:54 Forging
29:21 Heavy Plow
31:49 Murder Holes
32:15 Ballistics
37:14 Scale Barding Armor
38:26 Wheelbarrow
39:14 Husbandry
Froggy Freak
8:05 Loom
10:33 Feudal Age
15:27 Castle Age
16:31 Double-Bit Axe
18:54 Horse Collar
25:26 Wheelbarrow
28:14 Clerical Recruitment
31:26 Bow Saw
31:18 Heavy Plow
31:49 Town Watch
32:37 Sanctity
36:29 Imperial Age
34:21 Gold Mining
34:23 Stone Mining
35:03 Fletching
35:14 Padded Archer Armor
37:35 Conscription
37:51 Bodkin Arrow
37:20 Heavy Mounted Crossbowman
39:20 Chemistry
39:21 Hand Cart
40:48 Ballistics
40:41 Thumb Ring
41:04 Cranequins
Connection lost

Rejoining the realm…

Still unreachable

The connection could not be restored.

Session expired

The server has moved on; the page needs a fresh start.